 Dungeon Crawl Stone Soup version 0.28-a0-804-g60983d4ba9 (webtiles) character file.

Game seed: 6003088221085216636

2723 jasper the Magician (level 9, -4/71 HPs)
             Began as a Demonspawn Cinder Acolyte on Nov 8, 2021.
             Was an Initiate of Ignis.
             Slain by Prince Ribbit (11 damage)
             ... on level 7 of the Dungeon.
             The game lasted 00:11:22 (8355 turns).

jasper the Magician (Demonspawn Cinder Acolyte)     Turns: 8355, Time: 00:11:23

Health: -4/71      AC: 10    Str: 14    XL:     9   Next: 40%
Magic:  16/20      EV: 18    Int: 18    God:    Ignis [......]
Gold:   327        SH:  0    Dex: 10    Spells: 15/23 levels left

rFire   + + .      SeeInvis .   c - staff of fire
rCold   . . .      Faith    .   (no shield)
rNeg    . . .      Spirit   .   s - +0 leather armour
rPois   .          Reflect  .   w - +2 hat
rElec   .          Harm     .   (no cloak)
rCorr   .          Rampage  .   x - +2 pair of gloves
Will    +....                   t - +0 pair of boots
Stlth   +.........              (no amulet)
HPRegen 0.21/turn               k - ring of willpower
MPRegen 0.17/turn               C - +4 ring of evasion

@: marked
A: horns 1, repulsion field 2, foul stench 2, powered by death 2
a: Renounce Religion, Rising Flame


You were on level 7 of the Dungeon.
You worshipped Ignis.
Ignis was noncommittal.
You visited 1 branch of the dungeon, and saw 7 of its levels.

You collected 327 gold pieces.

Inventory:

Hand Weapons
 a - a +0 spear of flaming
 g - a +0 short sword
 q - a +0 hunting sling
Missiles
 d - 188 stones
 h - 6 boomerangs
 n - 6 boomerangs of dispersal
 r - 68 sling bullets
Armour
 b - a +0 robe
 l - a +0 scale mail
 s - a +0 leather armour (worn)
 t - a +0 pair of boots (worn)
 w - a +2 hat (worn)
 x - a +2 pair of gloves (worn)
Magical Staves
 c - a staff of fire (weapon)
 o - a staff of conjuration
Jewellery
 k - a ring of willpower (left hand)
 u - a ring of ice
 v - a ring of ice
 C - a +4 ring of evasion (right hand)
 H - a ring of resist corrosion
 K - a +4 ring of protection
Wands
 E - a wand of iceblast (9)
Scrolls
 A - 2 scrolls of immolation
 B - a scroll of identify
 J - a scroll of magic mapping
Potions
 e - 2 potions of cancellation
 f - a potion of invisibility
 i - 2 potions of ambrosia
 j - a potion of resistance
 p - a potion of heal wounds {unknown}
 z - a potion of flight {unknown}
 D - a potion of lignification {unknown}
 F - a potion of curing {unknown}
 I - a potion of degeneration {unknown}


   Skills:
 - Level 6.5 Fighting
 - Level 2.6 Polearms
 - Level 5.1 Armour
 - Level 7.6 Spellcasting
 - Level 1.0 Translocations
 - Level 4.0 Fire Magic
 + Level 4.1 Poison Magic


You had 15 spell levels left.
You knew the following spells:

 Your Spells              Type           Power      Damage    Failure   Level
a - Scorch                Fire           62%        2d8       3%          2
b - Blink                 Tloc           20%        N/A       12%         2
c - Olgreb's Toxic Radia  Pois           21%        N/A       22%         4

Your spell library contained the following spells:

 Spells                   Type           Power      Damage    Failure   Level
 Sting                    Tmut/Pois      56%        1d5       5%          1
 Poisonous Vapours        Pois/Air       28%        N/A       9%          2
 Lesser Beckoning         Tloc           10%        N/A       24%         3
 Manifold Assault         Tloc           10%        N/A       92%         5


Dungeon Overview and Level Annotations

Branches:
Dungeon (7/15)             Temple (0/1) D:4

Altars:
Ashenzari
Cheibriados
Dithmenos
Elyvilon
Kikubaaqudgha
Makhleb
Qazlal
Trog
Vehumet
Yredelemnul
Zin
The Shining One

Shops:
D:6 (

Annotations:
D:4 3 runed translucent doors, AlleluiaPinecone's ghost, amateur MiHu
D:7 Harold; Prince Ribbit


Innate Abilities, Weirdness & Mutations

You have a pair of small horns on your head.
You are surrounded by a moderate repulsion field. (EV +3)
You sometimes emit foul miasma when damaged in melee.
You regenerate health from kills.


Message History

Prince Ribbit blinks!
Harold fires a harpoon shot at you. The harpoon shot hits you!
* * * LOW HITPOINT WARNING * * *
You are yanked forward by the harpoon shot.
You take 12 damage, and have 20/71 hp.
There is a stone staircase leading down, spattered with blood here.
Okay, then.
Okay, then.
As you read the scroll labelled JIFRYS TOIFFEZ, it crumbles to dust.
It is a scroll of enchant armour.
Your +1 pair of gloves glows green for a moment.
Prince Ribbit looks more healthy.
Harold closely misses you.
Okay, then.
Harold says, "Do you have any idea what people are willing to pay to have you killed, jasper?"
Harold closely misses you.
Okay, then.
It was a potion of magic.
Magic courses through your body. Harold hits you with a +0 dire flail.
* * * LOW HITPOINT WARNING * * *
You take 6 damage, and have 16/71 hp.
MP restored: 20
Okay, then.
Casting: Olgreb's Toxic Radiance (dangerous; 22% risk of failure)
Confirm with . or Enter, or press ? or * to list all spells.
You begin to radiate toxic energy.
Harold is poisoned.
Prince Ribbit is poisoned.
Prince Ribbit catches a millipede with his tongue.
Prince Ribbit blinks!
Harold misses you.
You now have 16/20 mp.
You closely miss Prince Ribbit. You headbutt Prince Ribbit.
Prince Ribbit is heavily wounded.
Harold looks even sicker.
Prince Ribbit looks even sicker.
Your toxic aura wanes.
Prince Ribbit misses you. Harold misses you. Prince Ribbit hits you!
* * * LOW HITPOINT WARNING * * *
You take 10 damage, and have 6/71 hp.
Prince Ribbit closely misses you. Prince Ribbit hits you!
You die...

+#.#+ ##...#.... .
#...###....#..####.#
..8...........#.....
#...###... #......#
+#.#+ . #O##..## #.#
#5##..# #.# #.##..#
... #O##..## ...
#5.@.@.# ...
####F#....#
...#.#..# ###.#....#
#.#.##..# #.#.. ...
#.#.# ### #.# ..#.#
..#


You could see Harold (very poisoned), Prince Ribbit (very poisoned), an ogre and
a white imp.

Vanquished Creatures
  Grinder (D:3)
  Menkaure (D:7)
  An acid dragon (D:5)
  An ice beast (D:4)
  A sky beast (D:7)
  A black bear (D:6)
  An ogre (D:6)
  A centaur (D:5)
  A phantom (D:5)
  A bullfrog (D:6)
  A gnoll sergeant (D:7)
  4 scorpions
  A water moccasin zombie (D:5)
  A water moccasin skeleton (D:6)
  10 killer bees
  A centaur zombie (D:7)
  3 hounds
  2 jellies
  4 orc priests
  A gnoll shaman (D:7)
  A bullfrog skeleton (D:5)
  6 iguanas
  3 orc wizards
  A hound skeleton (D:4)
  7 gnolls (D:7)
  8 adders
  A shadow imp (D:6)
  A white imp (D:5)
  2 adder zombies (D:4)
  6 dart slugs
  16 orcs
  4 endoplasms
  A giant cockroach (D:2)
  7 goblins
  9 hobgoblins
  2 jackals (D:1)
  3 kobolds
  4 quokkas
  6 ball pythons
  10 bats
  6 frilled lizards
  8 rats
150 creatures vanquished.

Vanquished Creatures (collateral kills)
  7 foxfires (D:3)
7 creatures vanquished.

Vanquished Creatures (others)
  66 foxfires
66 creatures vanquished.

Grand Total: 223 creatures vanquished

Notes
Turn   | Place    | Note
-------+----------+-------------------------------------------
     0 | D:1      | jasper the Demonspawn Cinder Acolyte began the quest for
                  | the Orb.
     0 | D:1      | Reached XP level 1. HP: 18/18 MP: 2/2
    90 | D:1      | Found a faded altar of an unknown god.
   373 | D:1      | Gained mutation: You may rarely emit foul miasma when
                  | damaged in melee. [demonic ancestry]
   373 | D:1      | Reached XP level 2. HP: 8/24 MP: 3/3
   376 | D:1      | Learned a level 2 spell: Scorch
  1287 | D:1      | Gained mutation: You regenerate a little health from kills.
                  | [demonic ancestry]
  1287 | D:1      | Reached XP level 3. HP: 26/29 MP: 1/4
  2002 | D:2      | Gained mutation: You are surrounded by a mild repulsion
                  | field. (EV +2) [demonic ancestry]
  2002 | D:2      | Reached XP level 4. HP: 35/35 MP: 1/6
  2936 | D:3      | Reached skill level 2 in Spellcasting
  3148 | D:3      | Found a burning altar of Makhleb.
  3181 | D:3      | Noticed Grinder
  3192 | D:3      | Killed Grinder
  3193 | D:3      | Reached skill level 3 in Spellcasting
  3193 | D:3      | Gained mutation: You have a pair of small horns on your
                  | head. [demonic ancestry]
  3193 | D:3      | Reached XP level 5. HP: 42/42 MP: 1/10
  3193 | D:3      | Gained mutation: You regenerate health from kills. [demonic
                  | ancestry]
  3193 | D:3      | Reached XP level 6. HP: 48/48 MP: 1/11
  3551 | D:3      | Found a stormy altar of Qazlal.
  4152 | D:4      | Found a radiant altar of Vehumet.
  4154 | D:4      | Found a staircase to the Ecumenical Temple.
  4154 | D:4      | Found a broken altar of Ashenzari.
  4328 | D:4      | Found a snail-covered altar of Cheibriados.
  4393 | D:4      | Reached skill level 4 in Spellcasting
  4579 | D:4      | Noticed an ice beast
  4585 | D:4      | Killed an ice beast
  4586 | D:4      | Gained mutation: You are surrounded by a moderate repulsion
                  | field. (EV +3) [demonic ancestry]
  4586 | D:4      | Reached XP level 7. HP: 55/55 MP: 6/13
  4807 | D:4      | Found a runed translucent gate.
  4807 | D:4      | Found a runed translucent gate.
  4807 | D:4      | Found a runed translucent gate.
  4807 | D:4      | Noticed AlleluiaPinecone's ghost (amateur MiHu)
  4810 | D:4      | Found a basalt altar of Yredelemnul.
  4932 | D:4      | Found a shadowy altar of Dithmenos.
  5002 | D:5      | Entered Level 5 of the Dungeon
  5233 | D:5      | Reached skill level 5 in Spellcasting
  5473 | D:5      | Reached skill level 5 in Fighting
  5719 | D:5      | Reached XP level 8. HP: 44/62 MP: 7/16
  5914 | D:5      | Reached skill level 6 in Spellcasting
  6092 | D:5      | Found an ancient bone altar of Kikubaaqudgha.
  6518 | D:5      | Identified the +0 leather armour of the Harvest {Fly rElec
                  | Str+2 Int-4}
  6880 | D:6      | Found Kuntaama's Antique Weapon Boutique.
  7103 | D:6      | Reached skill level 7 in Spellcasting
  7581 | D:6      | Learned a level 2 spell: Blink
  7615 | D:6      | Found a bloodstained altar of Trog.
  7859 | D:6      | Gained mutation: You sometimes emit foul miasma when
                  | damaged in melee. [demonic ancestry]
  7859 | D:6      | Reached XP level 9. HP: 52/70 MP: 12/20
  7860 | D:6      | Reached skill level 5 in Armour
  7956 | D:7      | Noticed Menkaure
  7960 | D:7      | Killed Menkaure
  7961 | D:7      | Reached skill level 1 in Translocations
  7983 | D:7      | Learned a level 4 spell: Olgreb's Toxic Radiance
  8101 | D:7      | Reached skill level 1 in Poison Magic
  8308 | D:7      | Noticed Harold
  8324 | D:7      | Noticed Prince Ribbit
  8355 | D:7      | Slain by Prince Ribbit

Illustrated notes

Levels and vault maps discovered:
D:1:      lemuel_arrival_broad_hall, layout_rooms,
          ebering_ecumenical_altar_mist, minivault_25,
          chequers_serial_rivers_micro_b
D:2:      layout_rooms, palyth_stone_intersect, minmay_fractal_squares_5
D:3:      layout_rooms, mainiacjoe_overflow_catch_the_wave,
          chequers_mini_garden, uniq_grinder
D:4:      layout_rooms, mainiacjoe_overflow_tiny_flanked,
          grunt_temple_overflow_open, nicolae_yredelemnul_ghost_church,
          lemuel_tele_altar, temple_statues, minmay_diced_spiral
D:5:      layout_loops_corners, mainiacjoe_overflow_small_starburst, tso_altar,
          minmay_misc_feat_more_columns
D:6:      black_bear_nest_2, layout_rooms, mainiacjoe_overflow_alcove_1,
          serial_shops, nicolae_diamond_shop, st_stairs_3
D:7:      cheibrodos_barr_body, layout_basic, minmay_joined_circles,
          uniq_menkaure, uniq_harold, uniq_prince_ribbit1

Skill      XL: |  1  2  3  4  5  6  7  8  9 |
---------------+----------------------------+-----
Fire Magic     | 3 4 |  4.0
Spellcasting   | 3 4 5 7 |  7.6
Armour         | 2 3 4 5 |  5.1
Fighting       | 4 5 6 |  6.5
Translocations | 1 |  1.0
Poison Magic   | 4 |  4.1
Polearms       | |  2.6

Action                   |  1- 3 |  4- 6 |  7- 9 || total
-------------------------+-------+-------+-------++-------
Melee: Staff             |    64 |    10 |    33 ||   107
       Headbutt          |       |       |     6 ||     6
Throw: Stone             |    17 |       |       ||    17
 Cast: Scorch            |    30 |    48 |   144 ||   222
       Olgreb's Toxic Ra |       |       |     5 ||     5
Invok: Foxfire Swarm     |     2 |     2 |     4 ||     8
Evoke: Wand              |       |       |    12 ||    12
  Use: Potion            |     1 |       |     1 ||     2
       Scroll            |       |     5 |     6 ||    11
Armor: Robe              |    27 |       |       ||    27
       Leather armour    |       |     4 |    52 ||    56
Dodge: Dodged            |    67 |    27 |   133 ||   227

Table legend: (Time is in decaauts)
 A = Elapsed time spent in this place.
 B = Non-inter-level travel time spent in this place.
 C = Inter-level travel time spent in this place.
 D = Time resting spent in this place.
 E = Time spent auto-exploring this place.
 F = Levels seen in this place.
 G = Mean time per level.
                   A        B        C        D        E       F      G
               +--------+--------+--------+--------+--------+-----+--------+
         Total |   8381 |   8253 |    128 |   1223 |   5777 |   7 | 1197.3 |
       Dungeon |   8381 |   8253 |    128 |   1223 |   5777 |   7 | 1197.3 |
               +--------+--------+--------+--------+--------+-----+--------+

Top non-repeatable levels by time:
     D:5: 1807 daAuts
     D:1: 1787 daAuts
     D:4: 1162 daAuts
     D:2: 1107 daAuts
     D:6: 1066 daAuts
     D:3: 1039 daAuts
     D:7: 410 daAuts
